 Dungeon Crawl Stone Soup version 0.31.0-11-ge490571c62 (webtiles) character file.

Game seed: 10006504856475380399

51 qw the Shooter (level 3, -3/18 HPs)
             Began as a Spriggan Hunter on Feb 3, 2024.
             Slain by Sigmund
             ... wielding a +0 scythe
              (8 damage)
             ... on level 2 of the Dungeon.
             The game lasted 00:00:05 (1080 turns).

qw the Shooter (Spriggan Hunter)                    Turns: 1080, Time: 00:00:05

Health: -3/18      AC:  2    Str:  7    XL:     3   Next: 58%
Magic:  4/4        EV: 19    Int: 10    God:
Gold:   68         SH:  0    Dex: 20    Spells: 2/2 levels left

rFire   . . .        a - +0 shortbow
rCold   . . .        (shield currently unavailable)
rNeg    . . .        c - +0 robe
rPois   .            (helmet restricted)
rElec   .            (no cloak)
rCorr   .            (gloves unavailable)
SInv    +            (boots unavailable)
Will    .....        (no amulet)
Stlth   ++           (no ring)
HPRegen 0.23/turn    (no ring)
MPRegen 0.09/turn

%: no passive effects
@: about to teleport, very quick
A: very small, no large weapons, unfitting armour, see invisible, speed 3
a: no special abilities


You were on level 2 of the Dungeon.
You visited 1 branch of the dungeon, and saw 2 of its levels.

You collected 68 gold pieces.


Innate Abilities, Weirdness & Mutations

You are very small and have problems with some larger weapons.
You are too small for most types of armour.
You have supernaturally acute eyesight. (SInv)
You cover ground extremely quickly. (Speed+++)


   Skills:
 - Level 1.5 Fighting
 + Level 4.8 Ranged Weapons
 - Level 4.0 Dodging
 - Level 1.5 Stealth


You had 2 spell levels left.
You didn't know any spells.
Your spell library was empty.

Inventory:

Hand Weapons
 a - a +0 shortbow (weapon)
Armour
 c - a +0 robe (worn)
Scrolls
 b - a scroll of identify
 g - a scroll of revelation {unknown}
Potions
 e - a potion of lignification {unknown}
 f - a potion of berserk rage {unknown}

Dungeon Overview and Level Annotations

Branches:
Dungeon (2/15)

Altars:
Xom

Annotations:
D:2 Sigmund


Message History

You shoot an arrow. The arrow misses the adder.
Sigmund casts a spell.
Sigmund flickers and vanishes for a moment.
You shoot an arrow. The arrow closely misses the adder.
The adder closely misses you.
You shoot an arrow. The arrow hits the adder.
The adder is moderately wounded.
The adder misses you. The adder completely misses you.
You shoot an arrow. The arrow barely misses the adder.
The adder completely misses you.
You shoot an arrow. The arrow hits the adder.
The adder is heavily wounded.
The adder closely misses you. Sigmund completely misses you.
The adder completely misses you.
You shoot an arrow. The arrow hits the adder.
The adder is almost dead.
The adder barely misses you. Sigmund closely misses you.
You shoot an arrow. The arrow barely misses the adder.
The adder completely misses you. x2; Sigmund completely misses you.
You shoot an arrow. The arrow misses the adder.
The adder misses you.
You shoot an arrow.
The arrow hits the adder but does no damage.
The adder is almost dead.
The adder bites you. Sigmund misses you. The adder misses you.
You shoot an arrow. The arrow hits the adder.
You kill the adder!
Sigmund hits you from afar with a +0 scythe!
You shoot an arrow. The arrow closely misses Sigmund.
Sigmund gestures at you while chanting. The magic dart hits you.
1079 ||| READING scroll of teleportation.
As you read the scroll of teleportation, it crumbles to dust.
You feel strangely unstable.
Sigmund points at you and mumbles some strange words.
The puff of flame misses you.
You shoot an arrow. The arrow closely misses Sigmund.
Sigmund hits you from afar with a +0 scythe!
You die...
Sigmund begins carving another notch in his scythe.

########
#.%....#
#.####.# #.#
##.######
######.#
#.....@.#
##......#
#..####%....#
.#.####.# #....#
@.##.#
.#.########.##.#
..#
.#.##..........#
..#
.#.##.#####.#..#
#..
.#...>.........#
#.#
............#..#
.#
######...#.....#


You could see Sigmund (invisible).

Vanquished Creatures
  An adder (D:2)
  2 dart slugs (D:1)
  8 ball pythons
  3 bats
  4 endoplasms
  2 giant cockroaches (D:1)
  4 goblins (D:1)
  4 hobgoblins (D:1)
  4 frilled lizards
  2 kobolds (D:1)
  3 rats
37 creatures vanquished.

Notes
Turn   | Place    | Note
-------+----------+-------------------------------------------
     0 | D:1      | qw the Spriggan Hunter began the quest for the Orb.
     0 | D:1      | Reached XP level 1. HP: 10/10 MP: 2/2
     0 | D:1      | 0 ||| qw: Version: 0.3-a-157-g843a77d
     0 | D:1      | 0 ||| qw: Game counter: 3868
     0 | D:1      | 0 ||| qw: Melee chars always use a shield: true
     0 | D:1      | 0 ||| qw: God list: Okawaru
     0 | D:1      | 0 ||| qw: Allow faded altars: false
     0 | D:1      | 0 ||| qw: Do Orc after clearing Dungeon:15 true
     0 | D:1      | 0 ||| qw: Do second Lair branch before Depths: true
     0 | D:1      | 0 ||| qw: Lair rune preference: random
     0 | D:1      | 0 ||| qw: Goals: Normal
     0 | D:1      | 0 ||| PLANNING D:1-11
    43 | D:1      | Reached skill level 3 in Dodging
   151 | D:1      | Reached XP level 2. HP: 14/14 MP: 3/3
   388 | D:1      | Reached XP level 3. HP: 15/18 MP: 4/4
   812 | D:1      | 812 ||| READING 2 scrolls labelled PUQEEQ SATU.
   815 | D:1      | 815 ||| READING scroll labelled NOMOTI HOVUPH.
   816 | D:1      | 816 ||| READING scroll labelled IMOTELIWAL.
   817 | D:1      | 817 ||| DROPPING scroll of butterflies.
   850 | D:2      | 850 ||| STAIRDANCE
   959 | D:2      | Found a shimmering altar of Xom.
  1066 | D:2      | Noticed Sigmund
  1078 | D:2      | HP: 4/18 [Sigmund/magic dart (5)]
  1079 | D:2      | 1079 ||| READING scroll of teleportation.
  1080 | D:2      | Slain by Sigmund

Levels and vault maps discovered:
D:1:      hellmonk_arrival_library, layout_basic, serial_bayou_lake_a
D:2:      kennysheep_the_goblin_king, layout_basic, basic_altar, uniq_sigmund,
          uniq_jessica

Skill      XL: |  1  2 |
---------------+-------+-----
Dodging        | 3 4 |  4.0
Fighting       | |  1.5
Ranged Weapons | |  4.8
Stealth        | |  1.5

Action                     || total
---------------------------++-------
   Fire: Shortbow          ||    95
    Use: Scroll            ||     4
 Armour: Robe              ||    11
  Dodge: Dodged            ||    40

Table legend:
 A = Non-vault XP
 B = Vault XP
 C = Vault XP percentage of total XP
 D = Non-vault monster count
 E = Vault monster count
 F = Vault count percentage of total count
                 A         B        C        D         E       F
            +---------+---------+-------+---------+---------+-------
      Total |      74 |       0 |   0.0 |      37 |       0 |   0.0
            +---------+---------+-------+---------+---------+-------
        D:1 |      54 |       0 |   0.0 |      30 |       0 |   0.0
        D:2 |      20 |       0 |   0.0 |       7 |       0 |   0.0
            +---------+---------+-------+---------+---------+-------
